 Dungeon Crawl Stone Soup version 0.20.0-10-g0535bb4 (webtiles) character file.

83 grindst0ne the Shooter (level 4, -1/38 HPs)
             Began as a Centaur Hunter on June 7, 2017.
             Slain by an ogre
             ... wielding a +0 giant club
              (21 damage)
             ... on level 3 of the Dungeon.
             The game lasted 00:05:10 (2159 turns).

grindst0ne the Shooter (Centaur Hunter)             Turns: 2159, Time: 00:05:11

Health: -1/38      AC:  4    Str: 14    XL:     4   Next: 22%
Magic:  4/4        EV:  9    Int: 10    God:
Gold:   81         SH:  0    Dex: 11    Spells: 3/3 levels left

rFire    . . .     SeeInvis .   a - +1 shortbow
rCold    . . .     Gourm    .   (shield currently unavailable)
rNeg     . . .     Faith    .   c - +0 leather armour
rPois    .         Spirit   .   (no helmet)
rElec    .         Reflect  .   (no cloak)
rCorr    .         Harm     .   (no gloves)
MR       .....                  (no barding)
Stlth    +.........             (no amulet)
Regen    0.2/turn               (no ring)
MPRegen  0.1/turn               (no ring)

@: very quick
A: hooves 3, deformed body, speed 2, tough skin 3
a: no special abilities


You were on level 3 of the Dungeon.
You were not hungry.

You visited 1 branch of the dungeon, and saw 3 of its levels.

You collected 81 gold pieces.

Inventory:

Hand Weapons
 a - a +1 shortbow (weapon)
 b - a +0 short sword
Missiles
 d - 14 arrows (quivered)
Armour
 c - a +0 leather armour (worn)
Scrolls
 e - 3 scrolls of identify {unknown}
 g - 2 scrolls of magic mapping {unknown}
 l - 2 scrolls of remove curse {unknown}
 m - a scroll of immolation {unknown}
 o - a scroll of teleportation {unknown}
Potions
 h - 3 potions of lignification {unknown}
 i - a potion of agility {unknown}
 j - a potion of might {unknown}
 k - 2 potions of resistance {unknown}
 n - a potion of cancellation {unknown}
 p - a potion of brilliance {unknown}
 r - a potion of mutation {unknown}
 s - a potion of heal wounds {unknown}
 t - a potion of degeneration {unknown}
 u - 2 potions of curing {unknown}
Comestibles
 f - a bread ration
 q - 2 chunks of flesh


   Skills:
 + Level 3.2 Fighting
 + Level 6.8 Bows
 - Level 1.3 Dodging
 - Level 0.4 Stealth


You had 3 spell levels left.
You didn't know any spells.

Dungeon Overview and Level Annotations

Branches:
Dungeon (3/15)

Altars:


Innate Abilities, Weirdness & Mutations

You have hooves in place of feet.
Armour fits poorly on your strangely shaped body.
You cover ground very quickly.
You have extremely tough skin. (AC +3)


Message History

Press: ? - help, Shift-Dir - straight line, f/p - ogre
Aim: an ogre, wielding a giant club (heavily wounded)
You shoot an arrow. The arrow hits the ogre.
The ogre is severely wounded.
The ogre hits you with a giant club!!
Firing (i - inventory):
d - 16 arrows (quivered)
Press: ? - help, Shift-Dir - straight line, f/p - ogre
Aim: an ogre, wielding a giant club (severely wounded)
You shoot an arrow. The arrow barely misses the ogre.
The arrow hits the rat.
You kill the rat!
The ogre barely misses you.
Firing (i - inventory):
d - 15 arrows (quivered)
Press: ? - help, Shift-Dir - straight line, f/p - ogre
Aim: an ogre, wielding a giant club (severely wounded)
You shoot an arrow.
The arrow hits the ogre but does no damage.
The ogre is severely wounded.
The ogre hits you with a giant club!!
Ouch! That really hurt!
You die... ## ). # #########.#...) .......@O(((# .############

You could see an ogre.

Vanquished Creatures
  A gnoll (D:1)
  3 adders (D:2)
  2 leopard geckos (D:1)
  5 bats
  A giant cockroach (D:1)
  4 goblins (D:1)
  7 hobgoblins
  2 jackals (D:2)
  5 kobolds (D:1)
  2 quokkas (D:2)
  A ball python (D:1)
  7 frilled lizards
  6 rats
46 creatures vanquished.

Notes
Turn   | Place    | Note
-------+----------+-------------------------------------------
     0 | D:1      | grindst0ne the Centaur Hunter began the quest for the Orb.
     0 | D:1      | Reached XP level 1. HP: 17/17 MP: 1/1
   166 | D:1      | Reached XP level 2. HP: 25/25 MP: 2/2
   537 | D:1      | Reached skill level 6 in Bows
   715 | D:1      | Reached XP level 3. HP: 30/30 MP: 3/3
  1899 | D:2      | Reached XP level 4. HP: 38/38 MP: 4/4
  2151 | D:3      | Noticed an ogre
  2159 | D:3      | Slain by an ogre

Skill      XL: |  1  2  3 |
---------------+----------+-----
Bows           | 6 |  6.8
Fighting       | 3 |  3.2
Dodging        | |  1.3
Stealth        | |  0.4

Action                   |  1- 3 |  4- 6 || total
-------------------------+-------+-------++-------
Melee: Shortbow          |   212 |       ||   212
       Kick              |   110 |       ||   110
 Fire: Shortbow          |   103 |    22 ||   125
  Eat: Chunk             |     3 |       ||     3
Armor: Leather armour    |    10 |       ||    10
Dodge: Dodged            |    10 |     3 ||    13
